 Dungeon Crawl Stone Soup version 0.26-b1-32-g5d43845318 (webtiles) character file.

Game seed: 7456577948237291150

3743 tsouns the Thaumaturge (level 9, -1/43 HPs)
             Began as a Spriggan Ice Elementalist on Jan 13, 2021.
             Was a Follower of Vehumet.
             Killed from afar by a fire dragon (44 damage)
             ... with a blast of flame
             ... on level 9 of the Dungeon.
             The game lasted 00:26:14 (9248 turns).

tsouns the Thaumaturge (Spriggan Ice Elementalist)  Turns: 9248, Time: 00:26:15

Health: -1/43      AC:  6    Str:  4    XL:     9   Next: 93%
Magic:  15/24      EV: 26    Int: 20    God:    Vehumet [*.....]
Gold:   566        SH:  0    Dex: 16    Spells: 13/28 levels left

rFire    . . .     SeeInvis +   u - +2 dagger (venom)
rCold    . . .     Faith    .   (shield restricted)
rNeg     . . .     Spirit   .   f - +2 robe {Archmagi}
rPois    .         Reflect  .   h - +2 hat
rElec    .         Harm     .   (no cloak)
rCorr    .         Rampage  .   (gloves unavailable)
Will     +....                  (boots unavailable)
Stlth    +++.......             q - amulet of magic regeneration
HPRegen  0.14/turn              b - +4 ring of evasion
MPRegen  0.44/turn              o - +4 ring of evasion

@: frozen ramparts, very quick
A: very small, unfitting armour, see invisible, speed 3
a: Renounce Religion


You were on level 9 of the Dungeon.
You worshipped Vehumet.
Vehumet was aware of your devotion.
You visited 2 branches of the dungeon, and saw 10 of its levels.
You also visited: Sewer.

You collected 566 gold pieces.

Inventory:

Hand Weapons
 n - a +1 hand crossbow
 u - a +2 dagger of venom (weapon)
Missiles
 e - 25 poisoned darts
 p - 56 bolts
Armour
 f - a +2 robe of the Archmagi (worn)
 h - a +2 hat (worn)
Jewellery
 b - a +4 ring of evasion (left hand)
 o - a +4 ring of evasion (right hand)
 q - an amulet of magic regeneration (around neck)
 v - an uncursed ring of ice
Wands
 z - a wand of iceblast (5)
Scrolls
 a - 4 scrolls of identify
 i - a scroll of enchant weapon
 l - 3 scrolls of amnesia
 w - a scroll of fog
 x - 3 scrolls of magic mapping
 y - 4 scrolls of teleportation
 B - a scroll of enchant armour
 C - a scroll of remove curse
Potions
 c - 2 potions of degeneration
 d - 9 potions of heal wounds
 g - 2 potions of attraction
 j - a potion of resistance
 k - a potion of ambrosia {unknown}
 m - 4 potions of curing
 r - 5 potions of flight
 s - a potion of berserk rage {unknown}
 t - a potion of haste
 A - 2 potions of lignification


   Skills:
 - Level 2.4 Fighting
 + Level 5.3 Crossbows
 - Level 3.0 Dodging
 - Level 4.0 Stealth
 + Level 10.3 Spellcasting
 + Level 1.8 Conjurations
 - Level 2.4 Summonings
 + Level 7.8 Ice Magic


You had 13 spell levels left.
You knew the following spells:

 Your Spells              Type           Power        Failure   Level
a - Freeze                Ice            100%         1%          1
b - Frozen Ramparts       Ice            100%         1%          3
c - Ozocubu's Armour      Ice            58%          1%          3
d - Hailstorm             Conj/Ice       44%          9%          4
e - Summon Ice Beast      Ice/Summ       46%          9%          4

Your spell library contained the following spells:

 Spells                   Type           Power        Failure   Level
 Magic Dart               Conj           100%         3%          1
 Ensorcelled Hibernation  Hex/Ice        78%          1%          2
 Corona                   Hex            16%          7%          1
 Slow                     Hex            15%          11%         2
 Dazzling Flash           Conj/Hex       42%          14%         3
 Confusing Touch          Hex            15%          21%         3
 Tukima's Dance           Hex            15%          21%         3
 Fulminant Prism          Conj/Hex       10%          41%         4
 Summon Mana Viper        Hex/Summ       22%          75%         5
 Discord                  Hex            7%           100%        8


Dungeon Overview and Level Annotations

Branches:
Dungeon (9/15)             Temple (1/1) D:7            Lair (0/6) D:9
  Sewer (visited)
    Orc: D:9-12

Altars:
Ashenzari
Cheibriados
Dithmenos
Elyvilon
Gozag
Hepliaklqana
Kikubaaqudgha
Makhleb
Nemelex Xobeh
Okawaru
Qazlal
Ru
Sif Muna
Trog
Uskayaw
Vehumet
Wu Jian
Xom
Yredelemnul
Zin
The Shining One

Shops:
D:8 [


Innate Abilities, Weirdness & Mutations

You are very small and have problems with some larger weapons.
You are too small for most types of armour.
You have supernaturally acute eyesight. (SInv)
You cover ground extremely quickly.


Message History

Your ice beast holds its ground!
Your ice beast hits the fire dragon.
Your ice beast freezes the fire dragon!
The fire dragon is frozen!
Unknown command.
Casting: Frozen Ramparts (safe; 1% risk of failure)
Confirm with . or Enter, or press ? or * to list all spells.
The spell is quite dangerous to cast (9% risk of failure)!
Continue anyway?
Casting: Hailstorm (quite dangerous; 9% risk of failure)
Press: ? - help, Dir - look around, f - activate You feel a surge of power!
A cannonade of hail descends around you!
The hail pelts the fire dragon!!
The fire dragon is frozen!
The fire dragon is severely wounded.
The fire dragon is frozen!
The wall freezes the fire dragon!
The fire dragon breathes flames at you.
The blast of flame hits your ice beast!!!
Your ice beast melts!
Your ice beast dies!
The blast of flame hits you!!!
Ouch! That really hurt!
You die...

............######## ....
.#######...........[ #...#
##...........[ ....
#.............
###....########.####........
.##....#..........####........
...............#####..........
#... ####.....###.........###
#.)#####......@.D..≈§≈≈..#
#..).†............≈≈≈≈§≈§#
#.###).......###..≈≈§≈§§§# ###
##(......# #..≈≈>.§≈..
#.####)#........§≈§..§§≈..
#............###§≈.≈≈§≈...
#............# #..§≈§.....
#.......#...............
#.......#......


You could see a fire dragon (catching breath).

Vanquished Creatures
  A two-headed ogre (D:9)
  Prince Ribbit (D:5)
  Sigmund (D:2)
  A wyvern (D:9)
  A sky beast (D:7)
  4 ice beasts
  An ogre (D:5)
  3 centaurs
  A big kobold (Sewer)
  3 bullfrogs
  4 scorpions
  A water moccasin skeleton (D:5)
  3 electric eels (D:8)
  A howler monkey (D:6)
  2 hounds
  2 gnoll shamans
  An orc priest (D:3)
  A bullfrog skeleton (D:8)
  A centaur skeleton (D:7)
  5 orc wizards
  3 iguanas
  Jessica (D:6)
  Natasha (thrice) (D:2)
  5 worker ants
  12 gnolls
  14 adders
  A river rat (Sewer)
  A shadow imp (D:7)
  2 white imps (D:7)
  2 ufetubi
  3 oozes (D:1)
  2 adder skeletons
  3 worms
  3 dart slugs
  5 leopard geckos
  23 orcs
  7 giant cockroaches
  2 gnoll zombies (D:2)
  5 goblins
  5 hobgoblins
  11 jackals
  7 quokkas
  2 ball pythons
  4 bats
  4 frilled lizards
  A goblin skeleton (D:7)
  3 hobgoblin zombies (D:7)
  10 kobolds
  A kobold skeleton (D:7)
  2 kobold zombies (D:7)
  An orc skeleton (D:7)
  An orc zombie (D:7)
  6 rats
193 creatures vanquished.

Vanquished Creatures (collateral kills)
  3 ice beasts
3 creatures vanquished.

Vanquished Creatures (others)
  13 plants
13 creatures vanquished.

Grand Total: 209 creatures vanquished

Notes
Turn   | Place    | Note
-------+----------+-------------------------------------------
     0 | D:1      | tsouns the Spriggan Ice Elementalist began the quest for
                  | the Orb.
     0 | D:1      | Reached XP level 1. HP: 9/9 MP: 5/5
   386 | D:1      | Reached skill level 3 in Spellcasting
   481 | D:1      | Reached XP level 2. HP: 13/13 MP: 5/7
   868 | D:1      | Reached XP level 3. HP: 13/16 MP: 2/8
   872 | D:1      | Learned a level 3 spell: Frozen Ramparts
  1104 | D:1      | Learned a level 3 spell: Ozocubu's Armour
  1305 | D:2      | Found a bloodstained altar of Trog.
  1306 | D:2      | Noticed Natasha
  1315 | D:2      | Killed Natasha
  1405 | D:2      | Found a faded altar of an unknown god.
  1412 | D:2      | Reached skill level 4 in Spellcasting
  1412 | D:2      | Reached XP level 4. HP: 20/21 MP: 6/11
  1419 | D:2      | Learned a level 4 spell: Hailstorm
  1433 | D:2      | Found an ornate altar of the Wu Jian Council.
  1436 | D:2      | Found a white marble altar of Elyvilon.
  1599 | D:2      | Noticed Natasha
  1606 | D:2      | Killed Natasha
  1686 | D:2      | Noticed Sigmund
  1698 | D:2      | Killed Sigmund
  1699 | D:2      | Reached skill level 5 in Spellcasting
  1699 | D:2      | Reached XP level 5. HP: 8/24 MP: 5/14
  1789 | D:2      | Noticed Natasha
  1793 | D:2      | Killed Natasha
  1794 | D:2      | Reached XP level 6. HP: 18/28 MP: 11/15
  1971 | D:2      | Learned a level 4 spell: Summon Ice Beast
  2039 | D:2      | Found a basalt altar of Yredelemnul.
  2501 | D:3      | Found a glowing drain.
  2517 | D:3      | Reached skill level 6 in Spellcasting
  2517 | D:3      | Reached skill level 1 in Summonings
  2517 | D:3      | Reached skill level 5 in Ice Magic
  2546 | Sewer    | Entered a sewer
  2582 | Sewer    | Reached XP level 7. HP: 28/32 MP: 13/17
  2637 | Sewer    | Found a white marble altar of Elyvilon.
  4039 | D:4      | Reached skill level 7 in Spellcasting
  4539 | D:5      | Entered Level 5 of the Dungeon
  4597 | D:5      | Reached skill level 1 in Fighting
  4621 | D:5      | Reached XP level 8. HP: 37/37 MP: 20/20
  4627 | D:5      | Noticed Prince Ribbit
  4675 | D:5      | Killed Prince Ribbit
  4895 | D:5      | Found a hide-covered altar of Uskayaw.
  5266 | D:6      | Reached skill level 8 in Spellcasting
  5471 | D:6      | Reached skill level 1 in Crossbows
  5475 | D:6      | Noticed Jessica
  5734 | D:7      | Found a glowing golden altar of the Shining One.
  6019 | D:7      | Found a staircase to the Ecumenical Temple.
  6025 | Temple   | Entered the Ecumenical Temple
  6076 | Temple   | Became a worshipper of Vehumet
  6149 | D:7      | Found a hide-covered altar of Uskayaw.
  6987 | D:6      | Reached skill level 9 in Spellcasting
  6987 | D:6      | Reached XP level 9. HP: 35/43 MP: 21/23
  7246 | D:6      | Killed Jessica
  7273 | D:6      | Found a shimmering blue altar of Sif Muna.
  7851 | D:8      | Found a broken altar of Ashenzari.
  8267 | D:8      | Found Daun's Antique Armour Shoppe.
  8428 | D:8      | Reached * piety under Vehumet
  8428 | D:8      | Offered knowledge of Magic Dart by Vehumet.
  8779 | D:9      | Identified the Handbook of Intuition
  8854 | D:9      | Found a hide-covered altar of Uskayaw.
  8956 | D:9      | Noticed a two-headed ogre
  8975 | D:9      | Killed a two-headed ogre
  8976 | D:9      | Reached skill level 5 in Crossbows
  8976 | D:9      | Reached skill level 10 in Spellcasting
  8976 | D:9      | Reached skill level 1 in Conjurations
  9233 | D:9      | Found a staircase to the Lair.
  9233 | D:9      | Noticed a fire dragon
  9248 | D:9      | Killed from afar by a fire dragon

Illustrated notes

Levels and vault maps discovered:
D:1:      ncdulo_wetmaze, layout_basic, serial_bayou, serial_bayou_shore_a,
          serial_bayou_pond_d, serial_bayou_pond_b, serial_bayou_pond_e
D:2:      layout_loops_cross, grunt_temple_overflow_open,
          lemuel_zombie_altar_yredelemnul, bloody_trog,
          chequers_ecumenical_altar_island, uniq_natasha, uniq_sigmund
D:3:      layout_basic, gup_sewer_entry_glass
D:4:      layout_loops_ring
D:5:      layout_rooms, basic_altar, chequers_serial_rivers_micro_d,
          chequers_serial_rivers_small_b, uniq_prince_ribbit1
D:6:      layout_layer_cave, tgw_sif, serial_bayou_crossing
D:7:      layout_basic, nicolae_tso_besieged_by_evil, minmay_temple_entry_fiery,
          basic_altar, lemuel_old_faithful
D:8:      layout_loops_ring, ashenzari_altar_1, serial_shops, shop,
          serial_bayou_ford_a, minivault_26
D:9:      layout_rooms, lemuel_doored_altar, fedhas_altar_1,
          minmay_lair_entry_lava, minivault_10, grunt_ministairs_11,
          chequers_serial_rivers_small_3
Temple:   cyrus_circular_temple

Skill      XL: |  1  2  3  4  5  6  7  8  9 |
---------------+----------------------------+-----
Spellcasting   | 3 4 5 6 7 9 10 | 10.3
Stealth        | 4 |  4.0
Ice Magic      | 4 5 6 7 |  7.8
Summonings     | 1 2 |  2.4
Fighting       | 1 2 |  2.4
Crossbows      | 3 5 |  5.3
Conjurations   | 1 |  1.8
Dodging        | |  3.0

Action                   |  1- 3 |  4- 6 |  7- 9 || total
-------------------------+-------+-------+-------++-------
Melee: Unarmed           |     3 |       |       ||     3
       War axe           |       |     6 |       ||     6
       Dagger            |       |     4 |   255 ||   259
 Fire: Hand crossbow     |       |       |    26 ||    26
 Cast: Freeze            |    41 |    55 |   142 ||   238
       Frozen Ramparts   |       |     5 |    25 ||    30
       Ozocubu's Armour  |       |       |    12 ||    12
       Summon Ice Beast  |       |       |     7 ||     7
       Hailstorm         |       |       |     8 ||     8
Evoke: Wand              |       |       |     2 ||     2
  Use: Scroll            |       |    10 |     7 ||    17
       Potion            |       |       |     5 ||     5
 Stab: Sleeping          |       |     2 |    13 ||    15
       Distracted        |       |       |     1 ||     1
Armor: Robe              |     2 |     1 |    33 ||    36
Dodge: Dodged            |    22 |    41 |   319 ||   382
